 Dungeon Crawl Stone Soup version 0.27-a0-1280-g9d2d252d84 (webtiles) character file.

Game seed: 4316783014990854440

51 Feb132020 the Digger (level 3, 0/19 HPs)
             Began as a Gargoyle Earth Elementalist on June 13, 2021.
             Slain by a gnoll (7 damage)
             ... on level 3 of the Dungeon.
             The game lasted 00:06:52 (2057 turns).

Feb132020 the Digger (Gargoyle Earth Elementalist)  Turns: 2057, Time: 00:06:53

Health: 0/19       AC:  6    Str: 11    XL:     3   Next: 81%
Magic:  2/6        EV: 12    Int: 16    God:
Gold:   42         SH:  0    Dex: 10    Spells: 0/6 levels left

rFire    . . .     SeeInvis .   k - +0 mace
rCold    . . .     Faith    .   (no shield)
rNeg     + . .     Spirit   .   c - +0 robe
rPois    ∞         Reflect  .   (no helmet)
rElec    +         Harm     .   (no cloak)
rCorr    .         Rampage  .   f - +0 pair of gloves
Will     .....                  (no boots)
Stlth    ++........             (no amulet)
HPRegen  0.06/turn              (no ring)
MPRegen  0.10/turn              (no ring)

@: no status effects
A: sickness immunity, AC +3, negative energy resistance 1, electricity
resistance, torment resistance 1, petrification resistance
a: no special abilities


You were on level 3 of the Dungeon.
You visited 1 branch of the dungeon, and saw 3 of its levels.

You collected 42 gold pieces.

Inventory:

Hand Weapons
 d - a +0 club
 i - a +0 whip
 k - a +0 mace (weapon)
Missiles
 b - 22 stones
Armour
 c - a +0 robe (worn)
 f - a +0 pair of gloves (worn)
Scrolls
 a - a scroll of fog
 h - 2 scrolls of immolation
 l - a scroll of brand weapon {unknown}
Potions
 g - a potion of haste {unknown}


   Skills:
 + Level 0.2 Maces & Flails
 + Level 2.0 Dodging
 + Level 2.5 Stealth
 + Level 2.4 Spellcasting
 * Level 0.5 Conjurations
 + Level 0.7 Transmutations
 + Level 4.5 Earth Magic


You couldn't memorise any spells.
You knew the following spells:

 Your Spells              Type           Power      Damage    Failure   Level
a - Sandblast             Erth           32%        2d9       3%          1
b - Stone Arrow           Conj/Erth      20%        3d8       22%         3
p - Passwall              Tmut/Erth      8%         N/A       11%         2

Your spell library contained the following spells:

 Spells                   Type           Power      Damage    Failure   Level
 Petrify                  Tmut/Erth      10%        N/A       56%         4
 Lee's Rapid Deconstruct  Erth           8%         3d8*      65%         5


Dungeon Overview and Level Annotations

Branches:
Dungeon (2/15)

Altars:

Shops:
D:3 *


Innate Abilities, Weirdness & Mutations

You are immune to sickness and miasma.
Your stone body is resilient. (AC +3)
You are immune to poison.
You resist negative energy. (rN+)
You are resistant to electric shocks. (rElec)
You are resistant to unholy torment.
You are immune to petrification.


Message History

The gnoll throws a stone.
The stone closely misses you.
Things that are here:
a +0 halberd; a gnoll corpse The gnoll throws a stone.
The stone closely misses you.
You start resting.
A gnoll is nearby!
Unknown command.
Unknown command.
Unknown command.
Casting: Sandblast (safe; 3% risk of failure)
Confirm with . or Enter, or press ? or * to list all spells.
Aiming: Sandblast (safe; 3% risk of failure)
Press: ? - help, Shift-Dir - straight line, f - gnoll
Aim: a gnoll, wielding a +0 halberd and quivering stones (82% to hit)
The blast of sand hits the gnoll.
The gnoll is lightly wounded.
The gnoll hits you from afar with a +0 halberd!
Unknown command.
Unknown command.
Unknown command.
Casting: Sandblast (safe; 3% risk of failure)
Confirm with . or Enter, or press ? or * to list all spells.
Aiming: Sandblast (safe; 3% risk of failure)
Press: ? - help, Shift-Dir - straight line, f/p - gnoll
Aim: a gnoll, wielding a +0 halberd and quivering stones (lightly wounded, 82% to hit)
The blast of sand hits the gnoll.
The gnoll is moderately wounded.
The gnoll hits you from afar with a +0 halberd.
Unknown command.
Unknown command.
Unknown command.
Casting: Sandblast (safe; 3% risk of failure)
Confirm with . or Enter, or press ? or * to list all spells.
Aiming: Sandblast (safe; 3% risk of failure)
Press: ? - help, Shift-Dir - straight line, f/p - gnoll
Aim: a gnoll, wielding a +0 halberd and quivering stones (moderately wounded, 82% to hit)
The blast of sand hits the gnoll.
The gnoll is heavily wounded.
The gnoll hits you from afar with a +0 halberd!
You die...

.######.####.#.###.##
.# #.# #..# ##.# .#
###.####.. #.# ##
#.....##..# ##.#
#.....##.#.###.##
#.....##.......#
#.....#####.####
#.....#####.####
########....@..#
#.##.##g# ..
#.##.##.# .#
########g##.##.#
.#.##.....##.##.##.#
..........##.##.##g#
## #.....##.......#
##.##...........####
##........#######


You could see a gnoll.

Vanquished Creatures
  2 gnolls (D:3)
  A worm (D:2)
  3 dart slugs
  3 ball pythons
  4 endoplasms
  A giant cockroach (D:1)
  A goblin (D:1)
  3 hobgoblins
  4 bats
22 creatures vanquished.

Notes
Turn   | Place    | Note
-------+----------+-------------------------------------------
     0 | D:1      | Feb132020 the Gargoyle Earth Elementalist began the quest
                  | for the Orb.
     0 | D:1      | Reached XP level 1. HP: 10/10 MP: 3/3
   345 | D:1      | Reached skill level 4 in Earth Magic
   346 | D:1      | Reached XP level 2. HP: 15/15 MP: 0/5
   349 | D:1      | Learned a level 2 spell: Passwall
  1657 | D:2      | Reached XP level 3. HP: 15/19 MP: 6/6
  1762 | D:2      | You fall into a shaft and drop 1 floor!
  1773 | D:3      | Learned a level 3 spell: Stone Arrow
  1786 | D:3      | Found Wiathemu's General Store.
  1947 | D:3      | Noticed a black bear
  2057 | D:3      | Slain by a gnoll

Illustrated notes

Levels and vault maps discovered:
D:1:      lemuel_arrival_tunnels, layout_loops_corners
D:2:      layout_loops_ring, serial_shops, nicolae_shop_waterfront,
          shapermc_ecumenical_altar_notcrosses, grunt_decor_resistance
D:3:      layout_loops_cross, serial_shops, shop, minmay_diced_spiral,
          uniq_sigmund

Skill      XL: |  1  2  3 |
---------------+----------+-----
Earth Magic    | 4 |  4.5
Dodging        | 2 |  2.0
Maces & Flails | |  0.2
Stealth        | |  2.5
Spellcasting   | |  2.4
Conjurations   | |  0.5
Transmutations | |  0.7

Action                   || total
-------------------------++-------
Melee: Club              ||    26
       Whip              ||     9
       Mace              ||    14
 Cast: Sandblast         ||    21
  Use: Scroll            ||     3
Armor: Robe              ||    23
Dodge: Dodged            ||    42

Table legend: (Time is in decaauts)
 A = Elapsed time spent in this place.
 B = Non-inter-level travel time spent in this place.
 C = Inter-level travel time spent in this place.
 D = Time resting spent in this place.
 E = Time spent auto-exploring this place.
 F = Levels seen in this place.
 G = Mean time per level.
                   A        B        C        D        E       F      G
               +--------+--------+--------+--------+--------+-----+--------+
         Total |   2069 |   2042 |     27 |    106 |   1589 |   3 |  689.7 |
       Dungeon |   2069 |   2042 |     27 |    106 |   1589 |   3 |  689.7 |
               +--------+--------+--------+--------+--------+-----+--------+

Top non-repeatable levels by time:
     D:1: 1205 daAuts
     D:2: 564 daAuts
     D:3: 298 daAuts
